 Dungeon Crawl Stone Soup version 0.22.0-35-ge4bf2f5f59 (webtiles) character file.

1449 Loge the Caller (level 8, -7/60 HPs)
             Began as a Mummy Summoner on Aug 23, 2018.
             Was an Initiate of Gozag.
             Mangled by a centaur (8 damage)
             ... on level 7 of the Dungeon on Aug 24, 2018.
             The game lasted 00:37:29 (9930 turns).

Loge the Caller (Mummy Summoner)                    Turns: 9930, Time: 00:37:30

Health: -7/60      AC:  8    Str: 12    XL:     8   Next: 47%
Magic:  5/15       EV: 12    Int: 18    God:    Gozag
Gold:   260        SH:  0    Dex: 12    Spells: 0/17 levels left

rFire    . . .     SeeInvis .   t - +2 dagger (venom)
rCold    . . .     Gourm    .   (no shield)
rNeg     + + +     Faith    .   g - +0 robe
rPois    ∞         Spirit   .   x - +0 helmet
rElec    .         Reflect  .   j - +0 cloak
rCorr    .         Harm     .   v - +2 pair of gloves of Cejiacw {Int+2 Stlth+}
MR       ++...                  d - +0 pair of boots
Stlth    +++.......             a - amulet of magic regeneration
HPRegen  0.20/turn              p - ring of protection from magic
MPRegen  0.39/turn              f - ring of fire

@: no status effects
A: no food or potions, fire vulnerability, cold resistance 1, negative energy
resistance 3, torment resistance, unbreathing
a: Potion Petition, Call Merchant, Bribe Branch, Renounce Religion


You were on level 7 of the Dungeon.
You worshipped Gozag.
Gozag was aware of your devotion.
You were not hungry.

You visited 1 branch of the dungeon, and saw 8 of its levels.

You collected 338 gold pieces.
You paid 78 gold pieces to Gozag.

Inventory:

Hand Weapons
 t - a +2 dagger of venom (weapon)
Missiles
 e - 130 stones (quivered)
 k - 5 curare-tipped needles
 o - 33 poisoned needles
 w - 4 exploding tomahawks
Armour
 d - a +0 pair of boots (worn)
 g - a +0 robe (worn)
 j - a +0 cloak (worn)
 v - the +2 pair of gloves of Cejiacw (worn) {Int+2 Stlth+}
   (You found it on level 4 of the Dungeon)

   It affects your intelligence (+2).
   It makes you more stealthy.
 x - a +0 helmet (worn)
Magical Staves
 b - an uncursed staff of death
Jewellery
 a - an amulet of magic regeneration (around neck)
 f - a ring of fire (right hand)
 p - a ring of protection from magic (left hand)
 C - an uncursed ring of protection from fire {unknown}
 G - the ring of Haqato {Ice Str+2}
   (You found it on level 7 of the Dungeon)

   [ring of ice]

   It enhances your ice magic.
   It affects your strength (+2).
   It makes you vulnerable to fire.
   It protects you from cold.
Wands
 c - a wand of paralysis (19)
 n - a wand of flame (20)
 u - a wand of clouds (7)
 y - a wand of digging (23)
 E - a wand of polymorph (10)
Scrolls
 h - a scroll of fog {unknown}
 i - 3 scrolls of remove curse
 l - 3 scrolls of teleportation
 m - a scroll of enchant weapon
 q - a scroll of blinking {unknown}
 r - a scroll of amnesia {unknown}
 s - a scroll of enchant armour {unknown}
 z - a scroll of immolation {unknown}
 A - a scroll of summoning {unknown}
 B - a scroll of noise {unknown}
 F - a scroll of torment {unknown}


   Skills:
 - Level 3.7 Fighting
 - Level 1.5 Dodging
 - Level 1.5 Stealth
 - Level 5.1 Spellcasting
 * Level 7.5 Summonings
 - Level 2.0 Ice Magic
 + Level 2.1 Air Magic


You couldn't memorise any spells.
You knew the following spells:

 Your Spells              Type           Power        Failure   Level  Hunger
a - Summon Small Mammal   Summ           ####         1%          1    N/A
b - Call Imp              Summ           ####....     1%          2    N/A
c - Call Canine Familiar  Summ           ####....     1%          3    N/A
d - Summon Ice Beast      Ice/Summ       ###.....     19%         4    N/A
e - Summon Guardian Gole  Hex/Summ       ###.....     9%          3    N/A
f - Summon Lightning Spi  Summ/Air       ###.....     19%         4    N/A

Your spell library contained the following spells:

 Spells                   Type           Power        Failure   Level  Hunger


Dungeon Overview and Level Annotations

Branches:
Dungeon (8/15)             Temple (0/1) D:7
   Lair: D:8-11

Altars:
Ashenzari
Gozag
Nemelex Xobeh
Qazlal
Ru
Wu Jian
The Shining One

Annotations:
D:7 exclusions: 2 electric eels and 1 more exclusion


Innate Abilities, Weirdness & Mutations

You do not eat or drink.
Your flesh is vulnerable to fire.
You are immune to poison.
Your flesh is cold resistant. (rC+)
You are immune to negative energy. (rN+++)
You are immune to unholy pain and torment.
You can survive without breathing.


Message History

An electric hum fills the air.
What are your orders? t - Shout!
Orders for allies: a - Attack new target. r - Retreat! s - Stop attacking. g - Guard the area. f - Follow me.
Anything else - Cancel.
Gang up on whom?
Press: ? - help, Dir - move target cursor, f - centaur
Aim: a centaur, wielding a shortbow Attack!
The centaur shoots an arrow.
The arrow hits you!
* * * LOW HITPOINT WARNING * * *
The centaur shoots an arrow.
The arrow hits you.
* * * LOW HITPOINT WARNING * * *
The centaur unwields an uncursed shortbow.
The centaur hits you.
* * * LOW HITPOINT WARNING * * *
You completely miss the centaur. The centaur hits you!
You die...
Your body crumbles into a pile of gold.

####################
#nc8................
#(#@.......#########
#.#(####...#........
#(#.# #.#.#..######
#(#.####.###.####
#(#.##.....#....# ##
#c#.##.#.###..#.# #.
#n#.##.._..#..#.###.
#.#..###5#.#..#...#.
#.#..#.....#....#.#.


You could see a necrophage, a centaur and a friendly lightning spire.

Vanquished Creatures
  A centaur (D:7)
  2 howler monkeys (D:7)
  4 crimson imps
  2 hounds (D:7)
  A bullfrog skeleton (D:7)
  An orc priest (D:7)
  An iguana (D:4)
  Natasha (D:4)
  3 shadow imps
  3 leopard geckos
  9 orcs
  3 giant cockroaches
  A goblin (D:1)
  A hobgoblin (D:2)
  5 jackals
  3 quokkas
  4 bats
  A frilled lizard (D:1)
  A kobold (D:1)
  4 rats
51 creatures vanquished.

Vanquished Creatures (collateral kills)
  Grinder (D:3)
  Sigmund (D:3)
  A wyvern (D:7)
  A hornet zombie (D:7)
  A sky beast (D:6)
  A bullfrog (D:6)
  A scorpion (D:6)
  A bullfrog zombie (D:5)
  3 crimson imps
  A hound (D:5)
  A jelly (D:6)
  3 orc priests
  Jessica (D:3)
  2 worker ants
  Ijyb (D:5)
  Natasha (twice) (D:4)
  An iguana (D:7)
  10 orc wizards
  A hound skeleton (D:7)
  5 adders
  A shadow imp (D:6)
  An ooze (D:1)
  2 adder zombies
  A worm (D:3)
  2 leopard geckos
  23 orcs
  3 ball pythons
  A bat (D:2)
  2 giant cockroaches
  9 goblins
  4 hobgoblins
  8 jackals
  2 quokkas (D:2)
  10 frilled lizards (D:1)
  A jackal skeleton (D:6)
  5 kobolds
  2 rats (D:2)
116 creatures vanquished.

Vanquished Creatures (others)
  A shadow imp (D:7)
  A plant (D:7)
2 creatures vanquished.

Grand Total: 169 creatures vanquished

Notes
Turn   | Place    | Note
-------+----------+-------------------------------------------
     0 | D:1      | Loge the Mummy Summoner began the quest for the Orb.
     0 | D:1      | Reached XP level 1. HP: 13/13 MP: 4/4
   654 | D:1      | Reached XP level 2. HP: 20/20 MP: 2/5
   658 | D:1      | Learned a level 2 spell: Call Imp
  1389 | D:1      | Reached skill level 1 in Fighting
  1721 | D:2      | Reached XP level 3. HP: 19/26 MP: 2/7
  2175 | D:2      | Reached skill level 4 in Summonings
  3009 | D:3      | Noticed Grinder
  3037 | D:3      | Reached XP level 4. HP: 24/33 MP: 3/8
  3075 | D:3      | Paralysed by Grinder for 4 turns
  3231 | D:3      | Killed Grinder
  3231 | D:3      | Reached XP level 5. HP: 12/39 MP: 1/10
  3598 | D:3      | Noticed Sigmund
  3622 | D:3      | Killed Sigmund
  3845 | D:3      | Noticed Jessica
  3858 | D:3      | Killed Jessica
  4079 | D:3      | Reached XP level 6. HP: 46/46 MP: 4/12
  4090 | D:3      | Reached skill level 5 in Summonings
  4978 | D:4      | Learned a level 3 spell: Call Canine Familiar
  4990 | D:4      | Found an ornate altar of the Wu Jian Council.
  5005 | D:4      | Noticed Natasha
  5012 | D:4      | Killed Natasha
  5156 | D:4      | Noticed Natasha
  5180 | D:4      | Killed Natasha
  5325 | D:4      | Found the +2 ratskin cloak {+Rats rPois rN+ Str-1 Int-1 Dex+1}
  5466 | D:4      | Noticed Natasha
  5475 | D:4      | Killed Natasha
  5739 | D:4      | Got a pair of shimmering gloves
  5745 | D:4      | Identified the +2 pair of gloves of Cejiacw {Int+2 Stlth+} (You found it on level 4 of the Dungeon)
  6016 | D:5      | Entered Level 5 of the Dungeon
  6063 | D:5      | Noticed Ijyb
  6074 | D:5      | Killed Ijyb
  6198 | D:5      | Found a sparkling altar of Nemelex Xobeh.
  6220 | D:5      | Reached XP level 7. HP: 43/52 MP: 1/14
  6242 | D:5      | Reached skill level 5 in Spellcasting
  6284 | D:5      | Found a shattered altar of Ashenzari.
  6652 | D:5      | Found a glowing golden altar of the Shining One.
  6785 | D:5      | Learned a level 4 spell: Summon Ice Beast
  7203 | D:6      | Reached skill level 6 in Summonings
  7203 | D:6      | Reached skill level 1 in Ice Magic
  8129 | D:7      | Reached XP level 8. HP: 59/60 MP: 13/15
  8134 | D:7      | Learned a level 3 spell: Summon Guardian Golem
  8139 | D:7      | Learned a level 4 spell: Summon Lightning Spire
  8255 | D:7      | Found an opulent altar of Gozag.
  8308 | D:7      | Became a worshipper of Gozag Ym Sagoz the Greedy
  8376 | D:7      | Reached skill level 7 in Summonings
  8376 | D:7      | Reached skill level 1 in Air Magic
  8979 | D:7      | Found a staircase to the Ecumenical Temple.
  8994 | D:7      | Got a steaming golden ring
  8995 | D:7      | Identified the ring of Haqato {Ice Str+2} (You found it on level 7 of the Dungeon)
  9435 | D:7      | Found a sacrificial altar of Ru.
  9895 | D:8      | Found a stormy altar of Qazlal.
  9929 | D:7      | HP: 1/60 [centaur (6)]
  9930 | D:7      | Mangled by a centaur

Skill      XL: |  1  2  3  4  5  6  7  8 |
---------------+-------------------------+-----
Spellcasting   | 3 4 5 |  5.1
Fighting       | 1 2 3 |  3.7
Summonings     | 4 5 6 7 |  7.5
Ice Magic      | 1 2 |  2.0
Air Magic      | 2 |  2.1
Dodging        | |  1.5
Stealth        | |  1.5

Action                   |  1- 3 |  4- 6 |  7- 9 || total
-------------------------+-------+-------+-------++-------
Melee: Club              |     5 |       |       ||     5
       Unarmed           |     3 |       |       ||     3
       Whip              |    43 |    35 |       ||    78
       Dagger            |       |     4 |   150 ||   154
 Cast: Summon Small Mamm |    52 |     1 |    21 ||    74
       Call Imp          |    33 |    97 |   159 ||   289
       Call Canine Famil |       |     7 |    17 ||    24
       Summon Lightning  |       |       |     1 ||     1
  Use: Scroll            |       |     6 |     2 ||     8
 Stab: Distracted        |     1 |     1 |     1 ||     3
       Sleeping          |     1 |       |     1 ||     2
Armor: Robe              |    14 |     7 |    65 ||    86
Dodge: Dodged            |    49 |    21 |   129 ||   199
